 Dungeon Crawl Stone Soup version 0.15-a0-413-gc6111ba (webtiles) character file.

46 4tharraofdagon the Ruffian (level 2, -17/25 HPs)
             Began as a Naga Transmuter on May 5, 2014.
             Demolished by Menkaure (23 damage)
             ... on Level 4 of the Dungeon.
             The game lasted 00:03:12 (402 turns).

4tharraofdagon the Ruffian (Naga Transmuter)         Turns: 402, Time: 00:03:12

HP -17/25        AC  2     Str 12      XL: 2   Next: 29%
MP   4/4         EV 15     Int 11      God:
Gold 35          SH  0     Dex 16      Spells:  1 memorised,  4 levels left

rFire  . . .     SeeInvis +       - Unarmed
rCold  . . .     Clarity  .     c - +0 robe
rNeg   + . .     Conserve .     (no shield)
rPois  +         rCorr    .     (no helmet)
rElec  .         rRot     .     (no cloak)
SustAb . .       Spirit   .     (no gloves)
rMut   .         Warding  +     (no barding)
Saprov . . .     Stasis   .     f - amulet of warding
MR     .....                    (no ring)
                                (no ring)

@: agile, very slow, not resistant to hostile enchantments, unstealthy
A: spit poison, see invisible, deformed body, dopey 1, poison resistance, shaggy
fur 1, slowness 2
a: Spit Poison


You were on level 4 of the Dungeon.
You were not hungry.

You visited 1 branch of the dungeon, and saw 4 of its levels.

You collected 35 gold pieces.

Inventory:

Missiles
 b - 12 arrows
Armour
 c - a +0 robe (worn)
Comestibles
 a - 3 bread rations
 g - a choko
 h - a meat ration
Scrolls
 e - a scroll of identify
 l - a scroll of enchant weapon I
Jewellery
 f - an amulet of warding (around neck)
Potions
 i - a potion of agility
Books
 d - a book of Changes

   Spells                             Type                      Level
   *Beastly Appendage                 Transmutation                1
   Sticks to Snakes                   Transmutation                2
   Spider Form                        Transmutation/Poison         3
   Ice Form                           Ice/Transmutation            4
   Blade Hands                        Transmutation                5


   Skills:
 + Level 1.3 Fighting
 + Level 1.7 Dodging
 * Level 3.2 Unarmed Combat
 + Level 2.1 Spellcasting
 + Level 2.2 Transmutations


You had 4 spell levels left.
You knew the following spells:

 Your Spells              Type           Power        Failure   Level  Hunger
a - Beastly Appendage     Trmt           #.....       14%         1    ##.....


Dungeon Overview and Level Annotations

Branches:
Dungeon (4/15)
 Temple: D:4-7

Altars:

Annotations:
D:3 4tharraofdagon's ghost, weakling NaMo
D:4 Menkaure


Innate Abilities, Weirdness & Mutations

You cannot wear boots.
You can spit poison.
You have supernaturally acute eyesight.
Armour fits poorly on your strangely shaped body.
Your system is resistant to poisons.
You cover ground very slowly.
You are dopey. (Int -2)
You are covered in fur (AC +1).


Message History

Menkaure is moderately damaged.
Menkaure misses you.
Unknown command.
You barely miss Menkaure.
Menkaure is moderately damaged.
Menkaure calls on the powers of darkness!
Your body is wracked with pain!
* * * LOW HITPOINT WARNING * * *
You barely miss Menkaure.
Menkaure is moderately damaged.
Menkaure misses you.
Unknown command.
You barely miss Menkaure.
Menkaure is moderately damaged.
You hit Menkaure but do no damage.
Menkaure is moderately damaged.
Your horns disappear.
Menkaure hits you!
Ouch! That really hurt!
You die...

# #.# ..# ##.##
..# ##.....
..#.#.... ..#..(#
..#.M+ #....#+#
#.##...#
..#####@##.#####
.........M......#
..#####.##.###.#
#.##.# #.# #.##.#
#.# #.##.# #.#
#.##.###.#
#<#...##.######
#.#%..........#


You could see Menkaure.

Vanquished Creatures
  A giant mite (D:4)
  A bat (D:2)
  A quokka (D:3)
  2 rats
5 creatures vanquished.

Notes
Turn   | Place    | Note
--------------------------------------------------------------
     0 | D:1      | 4tharraofdagon, the Naga Transmuter, began the quest for the Orb.
     0 | D:1      | Reached XP level 1. HP: 18/18 MP: 3/3
   236 | D:3      | Noticed 4tharraofdagon's ghost (weakling NaMo)
   337 | D:4      | Reached XP level 2. HP: 20/25 MP: 4/4
   354 | D:4      | Gained mutation: You are covered in fur (AC +1). [potion of mutation]
   354 | D:4      | Gained mutation: You are dopey. (Int -2) [potion of mutation]
   367 | D:4      | Noticed Menkaure
   402 | D:4      | Demolished by Menkaure

Action                   || total
-------------------------++-------
Melee: Unarmed           ||    20
 Cast: Beastly Appendage ||     1
 Abil: Spit Poison       ||     4
  Use: Potion            ||     5
       Scroll            ||     4

Vault maps used:
D:1:      dpeg_arrival_chase, serial_park_tiny_2
D:2:      ashenzari_conservatory_becter, lemuel_doored_altar,
          minmay_rat_gold_closets
D:4:      wad_pebble_path, kennysheep_mini, first_bread, uniq_grinder,
          uniq_natasha, uniq_menkaure
